 Dungeon Sprint DCSS version 0.31-a0-841-g038b102fc3 (webtiles) character file.

Game seed: 13259769124224386602

1593 sircluck the Grappler (level 8, -2/93 HPs)
             Began as a Troll Berserker on Sept 27, 2023.
             Was the Champion of Trog.
             Slain by a freezing wraith (5 damage)
             ... in the Dungeon (Sprint VII: "The Pits").
             The game lasted 00:02:25 (638 turns).

sircluck the Grappler (Troll Berserker)              Turns: 638, Time: 00:02:25

Health: -2/93      AC: 10    Str: 28    XL:     8   Next: 62%
Magic:  7/7        EV: 12    Int:  3    God:    Trog [******]
Gold:   0          SH:  0    Dex:  9    Spells: 7/7 levels left

rFire   . .          .
                       - Unarmed
rCold   . . .        (no shield)
rNeg    . . .        a - +0 animal skin
rPois   .            (helmet restricted)
rElec   .            (no cloak)
rCorr   .            (gloves unavailable)
SInv    .            (boots unavailable)
Will    .....        (no amulet)
Stlth   +            l - +3 ring of protection
HPRegen 1.15/turn    k - +3 ring of protection
MPRegen 0.10/turn

%: no teleportation
@: confused, on berserk cooldown, hasted and slowed
A: large, unfitting armour, claws 3, regeneration 1, shaggy fur 1, tough skin 1
a: Renounce Religion, Berserk, Trog's Hand, Brothers in Arms


You were in the Dungeon.
You worshipped Trog.
Trog was exalted by your worship.
You visited 1 branch

Inventory:

Armour
 a - a +0 animal skin (worn)
Jewellery
 k - a +3 ring of protection (right claw)
 l - a +3 ring of protection (left claw)
Scrolls
 i - 2 scrolls of vulnerability
 j - a scroll of butterflies
Potions
 b - 7 potions of curing
 c - 8 potions of heal wounds
 d - a potion of haste
 e - 4 potions of magic
 f - 3 potions of berserk rage
 h - 2 potions of invisibility
 m - a potion of might


   Skills:
 + Level 9.9 Fighting
 + Level 9.8 Dodging
 + Level 11.6 Unarmed Combat


You had 7 spell levels left.
You didn't know any spells.
Your spell library was empty.

Dungeon Overview and Level Annotations

Branches:
Dungeon (1/1)

Altars:
Ashenzari
Cheibriados
Dithmenos
Elyvilon
Fedhas
Gozag
Hepliaklqana
Kikubaaqudgha
Makhleb
Nemelex Xobeh
Okawaru
Qazlal
Ru
Sif Muna
Trog
Uskayaw
Vehumet
Wu Jian
Xom
Yredelemnul
Zin
The Shining One
Jiyva
Lugonu


Innate Abilities, Weirdness & Mutations

You are too large for most types of armour.
You have claws for hands.
Your natural rate of healing is unusually fast.
You are covered in fur. (AC +1)
You have tough skin. (AC +1)


Message History

* * * LOW HITPOINT WARNING * * *
The freezing wraith freezes you!
* * * LOW HITPOINT WARNING * * *
The freezing wraith hits you!
* * * LOW HITPOINT WARNING * * *
The freezing wraith drains your vigour!
You feel as though you will be slow longer.
The swamp drake closely misses you.
Unknown command.
Unknown command.
Unknown command.
You feel much better. The freezing wraith barely misses you.
The freezing wraith hits you but does no damage.
The swamp drake bites you but does no damage.
The freezing wraith attacks as it pursues you!
The freezing wraith barely misses you. The freezing wraith misses you.
The swamp drake barely misses you.
You bump into the metal wall.
The swamp drake bites you! The freezing wraith closely misses you.
The freezing wraith barely misses you. The swamp drake breathes poison at you.
The noxious blast misses you.
You're too confused to move!
You are engulfed in noxious fumes.
You choke on the stench!
You are more confused.
The swamp drake barely misses you. The freezing wraith hits you.
The freezing wraith freezes you!
* * * LOW HITPOINT WARNING * * *
The freezing wraith misses you.
Unknown command.
Unknown command.
Unknown command.
You are engulfed in noxious fumes.
You choke on the stench!
You are more confused.
The swamp drake attacks as it pursues you!
The swamp drake closely misses you. The freezing wraith hits you.
* * * LOW HITPOINT WARNING * * *
The freezing wraith freezes you!!
* * * LOW HITPOINT WARNING * * *
The freezing wraith hits you.
You die...

+..#....#..#
+..........#
#..........#
#############..#....#..#
...........''..........#
...........''..........#
#########..##)°#°°..#..#
#..##°°W°°.....+
#..##.°k@°.....+
#..####++####''# #..#
#°°# #..# #°k..
##+######..# #..°...
......... #..#####
......... #..# ''######
#..# ''########## #..#


You could see a freezing wraith and a swamp drake.

Vanquished Creatures
  An ice devil (D)
  A polar bear (D)
  A snapping turtle (D)
  A warg (D)
  A swamp drake (D)
  A sky beast (D)
  A gnoll sergeant (D)
  A scorpion (D)
  8 wights (D)
  A crimson imp (D)
  Jessica (D)
  3 gnolls (D)
  3 river rats (D)
  A white imp (D)
  An ufetubus (D)
  A ball python (D)
  A bat zombie (D)
  An endoplasm (D)
  A hobgoblin (D)
  3 jackals (D)
  A quokka (D)
  2 frilled lizards (D)
  A giant cockroach zombie (D)
  A goblin (D)
  A rat (D)
39 creatures vanquished.

Notes
Turn   | Place    | Note
-------+----------+-------------------------------------------
     0 | D        | sircluck the Troll Berserker began the quest for the Orb.
     0 | D        | Reached XP level 1. HP: 22/22 MP: 0/0
    25 | D        | Noticed a wight
    26 | D        | Noticed a wight
    27 | D        | Noticed a polar bear
    29 | D        | Killed a wight
    30 | D        | Reached skill level 5 in Unarmed Combat
    30 | D        | Reached XP level 2. HP: 32/32 MP: 1/1
    30 | D        | Reached XP level 3. HP: 39/39 MP: 2/2
    32 | D        | Killed a wight
    33 | D        | Reached XP level 4. HP: 49/49 MP: 3/3
    39 | D        | Killed a polar bear
    39 | D        | Reached ** piety under Trog
    40 | D        | Reached skill level 8 in Unarmed Combat
    40 | D        | Reached XP level 5. HP: 61/61 MP: 4/4
    40 | D        | Reached XP level 6. HP: 68/68 MP: 5/5
   163 | D        | Found a bloodstained altar of Trog.
   163 | D        | Found a shimmering blue altar of Sif Muna.
   163 | D        | Found a viscous altar of Jiyva.
   163 | D        | Found a hazy altar of Hepliaklqana.
   163 | D        | Found an opulent altar of Gozag.
   164 | D        | Found a glowing golden altar of the Shining One.
   164 | D        | Found a glowing silver altar of Zin.
   164 | D        | Found a basalt altar of Yredelemnul.
   164 | D        | Found a shimmering altar of Xom.
   164 | D        | Found an ornate altar of the Wu Jian Council.
   164 | D        | Found a sacrificial altar of Ru.
   164 | D        | Found a stormy altar of Qazlal.
   164 | D        | Found an iron altar of Okawaru.
   164 | D        | Found a sparkling altar of Nemelex Xobeh.
   164 | D        | Found a burning altar of Makhleb.
   164 | D        | Found a blossoming altar of Fedhas.
   164 | D        | Found a white marble altar of Elyvilon.
   164 | D        | Found a shadowy altar of Dithmenos.
   164 | D        | Found a snail-covered altar of Cheibriados.
   168 | D        | Found a corrupted altar of Lugonu.
   168 | D        | Found a radiant altar of Vehumet.
   169 | D        | Found a broken altar of Ashenzari.
   169 | D        | Found an ancient bone altar of Kikubaaqudgha.
   169 | D        | Found a hide-covered altar of Uskayaw.
   212 | D        | Reached *** piety under Trog
   224 | D        | Reached skill level 9 in Unarmed Combat
   224 | D        | Reached **** piety under Trog
   246 | D        | Reached ***** piety under Trog
   308 | D        | Reached XP level 7. HP: 67/79 MP: 6/6
   320 | D        | Reached ****** piety under Trog
   321 | D        | Reached skill level 10 in Unarmed Combat
   397 | D        | Noticed an ice devil
   408 | D        | Killed an ice devil
   409 | D        | Reached XP level 8. HP: 92/92 MP: 7/7
   412 | D        | Noticed Jessica
   415 | D        | Received a gift from Trog
   416 | D        | Reached skill level 11 in Unarmed Combat
   417 | D        | Killed Jessica
   425 | D        | Noticed a snapping turtle
   435 | D        | Killed a snapping turtle
   606 | D        | Noticed a freezing wraith
   628 | D        | Identified the +4 giant club of Trog's Vengeance {flame,
                  | *Slow rPois rF++ rN+} (Trog gifted it to you in the
                  | Dungeon)
   628 | D        | Received a gift from Trog
   638 | D        | HP: 3/93 [freezing wraith (21)]
   638 | D        | Slain by a freezing wraith

Illustrated notes

Levels and vault maps discovered:
D:        pitsprint [storerooms_1, entrance_room_1, metal_vault_3, armoury_3,
          mini_pit_1, grid_room_1, main_hall_1, silver_pit, the_coven_2,
          the_vestibule_1, steel_vault_5, golden_pit, hallway_of_sentries,
          crystal_vault_1, iron_vault_1, final_vault]

Skill      XL: |  1  2  3  4  5  6  7  8 |
---------------+-------------------------+-----
Fighting       | 4 6 7 9 |  9.9
Dodging        | 4 6 7 9 |  9.8
Unarmed Combat | 5 8 9 10 11 | 11.6

Action                     |  1- 3 |  4- 6 |  7- 9 || total
---------------------------+-------+-------+-------++-------
  Melee: Unarmed           |     3 |    47 |    55 ||   105
         Punch             |     1 |     2 |     4 ||     7
 Invoke: Berserk           |     1 |       |     2 ||     3
    Use: Potion            |       |       |     5 ||     5
         Scroll            |       |       |     1 ||     1
 Armour: Animal skin       |       |    28 |    38 ||    66
  Dodge: Dodged            |       |    33 |    41 ||    74

Table legend: (Time is in decaauts)
 A = Elapsed time spent in this place.
 B = Non-inter-level travel time spent in this place.
 C = Inter-level travel time spent in this place.
 D = Time resting spent in this place.
 E = Time spent auto-exploring this place.
 F = Levels seen in this place.
 G = Mean time per level.
                   A        B        C        D        E       F      G
               +--------+--------+--------+--------+--------+-----+--------+
         Total |    641 |    583 |     58 |     25 |    132 |   1 |  641.0 |
       Dungeon |    641 |    583 |     58 |     25 |    132 |   1 |  641.0 |
               +--------+--------+--------+--------+--------+-----+--------+

Top non-repeatable levels by time:
       D: 641 daAuts
